 Seeded DCSS version 0.28.0-1-gb440e238dd (webtiles) character file.

Game seed: 13591998346360536447 (custom seed)

9026 oldmanjim the Warmonger (level 11, -2/81 HPs)
             Began as a Demonspawn Hunter on Feb 22, 2022.
             Was a High Priest of Okawaru.
             Slain by a seven-headed hydra (11 damage)
             ... on level 10 of the Dungeon on Feb 23, 2022.
             The game lasted 01:12:08 (11562 turns).

oldmanjim the Warmonger (Demonspawn Hunter)        Turns: 11562, Time: 01:12:09

Health: -2/81      AC: 18    Str: 19    XL:     11   Next: 17%
Magic:  18/23      EV: 12    Int: 24    God:    Okawaru [*****.]
Gold:   1708       SH:  5    Dex: 19    Spells: 10/10 levels left

rFire   + . .      SeeInvis .   a - +8 storm bow {elec, penet}
rCold   . . .      Faith    .   (shield currently unavailable)
rNeg    + + .      Spirit   .   n - +4 plate armour
rPois   +          Reflect  +   t - +0 hat "Losud" {rPois rN+ Int+4}
rElec   .          Harm     .   e - +0 cloak of Old and Reckless {Regen+ Int+3}
rCorr   .          Rampage  .   F - +0 pair of gloves
Will    ++...                   (no boots)
Stlth   ..........              m - amulet of Nus Fam {Reflect Str+2 Dex+4 SH+5}
HPRegen 1.03/turn               j - ring of willpower
MPRegen 0.18/turn               L - ring of Wuazxut {rF+ rN+ Will+ Int+4}

@: agile, finesse-ful, studying 3 skills
A: thin skeletal structure 1, powered by pain 1, demonic magic 2, weakness
stinger 2
a: Renounce Religion, Heroism, Finesse, Duel


You were on level 10 of the Dungeon.
You worshipped Okawaru.
Okawaru was extremely pleased with you.
You visited 1 branch of the dungeon, and saw 10 of its levels.

You collected 1708 gold pieces.

Inventory:

Hand Weapons
 a - the +8 storm bow (weapon) {elec, penet}
   (You found it on level 9 of the Dungeon)

   Any ammunition fired from it occasionally discharges a powerful burst of
   electricity upon striking a foe.
   Any ammunition fired by it passes through the targets it hits, potentially
   hitting all targets in its path until it reaches maximum range.
 b - the +1 whip of Eternal Harmony {flame, rElec Int+2}
   (You found it on level 3 of the Dungeon)

   It burns those it strikes, dealing additional fire damage.
   Int:       It affects your intelligence (+2).
   rElec:     It insulates you from electricity.
 r - a +0 short sword
 s - a +0 long sword
 H - a +1 shortbow
Missiles
 d - 177 arrows (quivered ammo)
 f - 6 poisoned darts
 o - a curare-tipped dart
 z - 2 atropa-tipped darts
Armour
 e - the +0 cloak of Old and Reckless (worn) {Regen+ Int+3}
   (You acquired it on level 1 of the Dungeon)

   Int:       It affects your intelligence (+3).
   Regen:     It increases your rate of health regeneration.
 g - a scarf of harm
 n - a +4 plate armour (worn)
 t - the +0 hat "Losud" (worn) {rPois rN+ Int+4}
   (You acquired it on level 4 of the Dungeon)

   Int:       It affects your intelligence (+4).
   rPois:     It protects you from poison.
   rN:        It protects you from negative energy.
 F - a +0 pair of gloves (worn)
Jewellery
 c - a ring of protection from fire
 i - a ring of resist corrosion
 j - a ring of willpower (left hand)
 m - the amulet of Nus Fam (around neck) {Reflect Str+2 Dex+4 SH+5}
   (You acquired it on level 2 of the Dungeon)

   [amulet of reflection]

   It reflects blocked missile attacks.
   Str:       It affects your strength (+2).
   Dex:       It affects your dexterity (+4).
   SH:        It affects your SH (+5).
 p - a +6 ring of dexterity
 L - the ring of Wuazxut (right hand) {rF+ rN+ Will+ Int+4}
   (You acquired it on level 9 of the Dungeon)

   [ring of positive energy]

   Int:       It affects your intelligence (+4).
   rF:        It protects you from fire.
   rN:        It protects you from negative energy.
   Will:      It increases your willpower.
 Q - a ring of protection from fire
Wands
 w - a wand of mindburst (15)
 y - a wand of flame (30)
 B - a wand of iceblast (10)
 N - a wand of paralysis (9)
Scrolls
 k - a scroll of holy word {unknown}
 q - 4 scrolls of teleportation
 u - a scroll of summoning
 A - a scroll of noise {unknown}
 G - 2 scrolls of blinking {unknown}
 M - a scroll of fog {unknown}
 O - a scroll of immolation {unknown}
 P - 2 scrolls of amnesia
Potions
 h - 4 potions of haste
 l - 3 potions of mutation
 v - 2 potions of lignification
 x - a potion of ambrosia
 C - 2 potions of curing
 D - a potion of attraction
 E - 2 potions of brilliance
 I - a potion of heal wounds
 J - 2 potions of might
 K - a potion of cancellation


   Skills:
 - Level 6.0 Fighting
 - Level 4.0 Long Blades
 + Level 10.5 Bows
 - Level 4.0 Armour
 - Level 4.0 Dodging
 - Level 6.8 Stealth
 + Level 16.3 Invocations


You had 10 spell levels left.
You didn't know any spells.
Your spell library contained the following spells:

 Spells                   Type           Power      Damage    Failure   Level
 Foxfire                  Conj/Fire      0%         2x1d4     99%         1
 Static Discharge         Conj/Air       0%         N/A       100%        2
 Sublimation of Blood     Necr           0%         N/A       100%        2
 Wereblood                Tmut           0%         N/A       100%        2
 Conjure Flame            Conj/Fire      0%         6-21      100%        3
 Inner Flame              Hex/Fire       0%         N/A       100%        3
 Ozocubu's Armour         Ice            0%         N/A       100%        3
 Dispel Undead            Necr           0%         3d6       100%        4
 Flame Wave               Conj/Fire      0%         2d4       100%        4
 Sticky Flame             Conj/Fire      0%         2d3       100%        4
 Ozocubu's Refrigeration  Ice            0%         4d5       100%        7
 Summon Hydra             Summ           Unusable   N/A       N/A         7

Dungeon Overview and Level Annotations

Branches:
Dungeon (10/15)            Temple (0/1) D:6            Lair (0/6) D:8
    Orc (0/2) D:10

Altars:
Gozag
Hepliaklqana
Okawaru
Qazlal
Sif Muna
Trog
Wu Jian
The Shining One

Shops:
D:8 *


Innate Abilities, Weirdness & Mutations

You have a somewhat thin skeletal structure. (Dex +2, Stealth+)
You sometimes gain a little power by taking damage.
Spells you cast may paralyse nearby enemies.
You have a tail ending in a sharp stinger.


Message History

d - 179 arrows (gained 1)
Found a stone staircase leading up.
You now have 1708 gold pieces (gained 9).
You open the door.
Found 13 sling bullets.
f - 6 poisoned darts (gained 4)
You open the door.
There is an open door here.
A seven-headed hydra and a two-headed ogre come into view.
The seven-headed hydra roars!
The two-headed ogre shouts in stereo!
You shoot an arrow.
The arrow pierces through the seven-headed hydra!!
The seven-headed hydra is heavily wounded.
The seven-headed hydra bites you.
The seven-headed hydra completely misses you.
The seven-headed hydra bites you. The seven-headed hydra bites you!
The seven-headed hydra bites you.
The seven-headed hydra completely misses you.
The seven-headed hydra bites you but does no damage.
You shoot an arrow.
The arrow pierces through the seven-headed hydra!
The seven-headed hydra is heavily wounded.
The seven-headed hydra bites you. The seven-headed hydra bites you!
You block the seven-headed hydra's attack. x2
The seven-headed hydra barely misses you.
The seven-headed hydra bites you!
You focus on the pain.
You feel agile all of a sudden.
You block the seven-headed hydra's attack.
The seven-headed hydra bites you! x2
* * * LOW HITPOINT WARNING * * *
The seven-headed hydra bites you!
* * * LOW HITPOINT WARNING * * *
The seven-headed hydra barely misses you.
The seven-headed hydra bites you but does no damage.
The seven-headed hydra closely misses you.
The seven-headed hydra misses you.
You can now deal lightning-fast blows.
The seven-headed hydra barely misses you.
The seven-headed hydra bites you!
You die...

#.# ## #######......
#.# #.......#'### #.#
#.......#.# # #.#
########.......#.# #
...
.......'.......'.###
###
#########.......##...
.........###.###.....
############O#
#.#.....##
#<......@D...###.....#
#>
##...#########.....###
#.
##...#######....(###
#. #....'(........###
#( #....####....### #.
#....# #.O### +.
#....# #....# #....#
#......# #....#
.........#


You could see a seven-headed hydra and a two-headed ogre.

Vanquished Creatures
  A troll (D:9)
  A hornet (D:8)
  A blink frog (shapeshifter) (D:9)
  Sigmund (D:5)
  2 wyverns (D:8)
  16 yaks
  2 steam dragons
  2 basilisks (D:8)
  5 vampire mosquitoes (D:10)
  Menkaure (D:5)
  Edmund (D:5)
  A water moccasin (D:8)
  3 orc warriors
  3 ice beasts
  2 black bears (D:6)
  3 sky beasts
  4 ogres
  4 centaurs
  A kobold brigand (D:10)
  2 bullfrogs (D:8)
  A wyvern zombie (D:7)
  3 gnoll sergeants
  2 scorpions (D:8)
  A water moccasin zombie (D:5)
  5 killer bees
  8 wights
  2 howler monkeys
  The ghost of Strat the Charlatan, a weakling OpWn of Wu Jian (D:3)
  4 electric eels (D:10)
  A bullfrog zombie (D:5)
  A centaur zombie (D:6)
  2 hounds
  2 orc priests
  4 bullfrog skeletons
  2 jellies
  2 gnoll shamans
  5 iguanas
  Ijyb (D:5)
  Natasha (twice) (D:2)
  An orc wizard (D:5)
  A killer bee zombie (D:7)
  3 hound skeletons
  2 howler monkey zombies
  18 gnolls
  5 adders
  A howler monkey skeleton (D:6)
  A white imp (D:5)
  2 ufetubi
  2 adder skeletons (D:4)
  3 worms
  6 dart slugs
  10 orcs
  3 bats
  9 endoplasms
  2 giant cockroaches
  9 hobgoblins
  5 jackals
  14 kobolds
  3 quokkas
  6 ball pythons
  A frilled lizard (D:2)
  5 goblins
  9 rats
  A spectral hobgoblin (D:4)
227 creatures vanquished.

Vanquished Creatures (others)
  A killer bee (D:8)
  3 fungi (D:8)
  17 plants (D:8)
21 creatures vanquished.

Grand Total: 248 creatures vanquished

Notes
Turn   | Place    | Note
-------+----------+-------------------------------------------
     0 | D:1      | oldmanjim the Demonspawn Hunter began the quest for the
                  | Orb.
     0 | D:1      | Reached XP level 1. HP: 16/16 MP: 1/1
   157 | D:1      | Reached skill level 1 in Stealth
   319 | D:1      | Gained mutation: You sometimes gain a little power by
                  | taking damage. [demonic ancestry]
   319 | D:1      | Reached XP level 2. HP: 11/22 MP: 2/2
  1090 | D:1      | Gained mutation: Spells you cast may paralyse adjacent
                  | enemies. [demonic ancestry]
  1090 | D:1      | Reached XP level 3. HP: 18/27 MP: 3/3
  1475 | D:1      | Identified a scroll of acquirement
  1475 | D:1      | Acquired the +0 cloak of Old and Reckless {Regen+ Int+3}
  1606 | D:2      | Noticed Natasha
  1884 | D:2      | Killed Natasha
  1885 | D:2      | Gained mutation: You have a somewhat thin skeletal
                  | structure. (Dex +2, Stealth+) [demonic ancestry]
  1885 | D:2      | Reached XP level 4. HP: 17/33 MP: 4/4
  2074 | D:2      | Acquired the amulet of Nus Fam {Reflect Str+2 Dex+4 SH+5}
  2081 | D:2      | Acquired a manual of Stealth
  2108 | D:2      | Found a faded altar of an unknown god.
  2140 | D:2      | You fall into a shaft and drop 2 floors!
  2465 | D:2      | Noticed Natasha
  2490 | D:2      | Killed Natasha
  2491 | D:2      | Reached XP level 5. HP: 34/38 MP: 5/5
  2864 | D:3      | Identified the +1 whip of Eternal Harmony {flame, rElec
                  | Int+2}
  2939 | D:3      | Found a transporter.
  2951 | D:3      | Noticed Strat's ghost (weakling OpWn)
  3046 | D:3      | Found a transporter.
  3529 | D:4      | Acquired the +0 hat "Losud" {rPois rN+ Int+4}
  3663 | D:4      | Found a hazy altar of Hepliaklqana.
  3723 | D:4      | Reached skill level 5 in Stealth
  3893 | D:4      | Reached XP level 6. HP: 24/44 MP: 6/6
  3942 | D:5      | Entered Level 5 of the Dungeon
  3976 | D:5      | Found a shimmering blue altar of Sif Muna.
  4000 | D:5      | Reached skill level 5 in Bows
  4091 | D:5      | Noticed a sky beast
  4117 | D:5      | Gained mutation: You have a small tail. [demonic ancestry]
  4117 | D:5      | Reached XP level 7. HP: 21/50 MP: 7/7
  4196 | D:5      | Noticed Sigmund
  4366 | D:5      | Killed Sigmund
  4416 | D:5      | Found an iron altar of Okawaru.
  4421 | D:5      | Became a worshipper of Warmaster Okawaru
  4421 | D:5      | Noticed Menkaure
  4436 | D:5      | Killed Menkaure
  4437 | D:5      | Reached XP level 8. HP: 38/56 MP: 8/8
  4555 | D:5      | Reached skill level 1 in Invocations
  4674 | D:5      | Found an opulent altar of Gozag.
  4683 | D:5      | Found a stormy altar of Qazlal.
  4714 | D:5      | Reached skill level 2 in Invocations
  4846 | D:5      | Noticed Ijyb
  4868 | D:5      | Noticed Edmund
  4894 | D:5      | Killed Ijyb
  4895 | D:5      | Reached skill level 3 in Invocations
  5253 | D:6      | Reached skill level 4 in Invocations
  5427 | D:6      | Reached * piety under Okawaru
  5505 | D:6      | Reached skill level 5 in Invocations
  5582 | D:6      | Reached skill level 1 in Long Blades
  5609 | D:6      | Found a staircase to the Ecumenical Temple.
  6031 | D:6      | Reached skill level 6 in Invocations
  6031 | D:6      | Gained mutation: You have a tail ending in a sharp stinger.
                  | [demonic ancestry]
  6031 | D:6      | Reached XP level 9. HP: 58/66 MP: 13/13
  6580 | D:7      | Reached ** piety under Okawaru
  6767 | D:7      | Reached skill level 7 in Invocations
  6798 | D:7      | Reached skill level 5 in Fighting
  7213 | D:7      | Found an ornate altar of the Wu Jian Council.
  7519 | D:8      | Found Kiqy Okk's Assorted Antiques.
  7541 | D:8      | Reached skill level 8 in Invocations
  7576 | D:8      | Reached skill level 9 in Invocations
  7627 | D:7      | Reached skill level 10 in Invocations
  7795 | D:8      | Reached skill level 1 in Armour
  8166 | D:8      | Reached skill level 11 in Invocations
  8172 | D:8      | Reached *** piety under Okawaru
  8173 | D:8      | Gained mutation: Spells you cast may paralyse nearby
                  | enemies. [demonic ancestry]
  8173 | D:8      | Reached XP level 10. HP: 73/76 MP: 18/18
  8240 | D:8      | Found a staircase to the Lair.
  8458 | D:7      | Reached skill level 12 in Invocations
  8670 | D:8      | Found a bloodstained altar of Trog.
  9044 | D:3      | Killed Strat's ghost
  9253 | D:5      | Found a shimmering blue altar of Sif Muna.
  9284 | D:5      | Killed Edmund
  9624 | D:5      | Found an iron altar of Okawaru.
  9880 | D:9      | Found the +8 storm bow {elec, penet}
 10081 | D:7      | Reached skill level 13 in Invocations
 10214 | D:8      | Paralysed by a hornet for 3 turns
 10218 | D:8      | Reached **** piety under Okawaru
 10426 | D:9      | Reached skill level 14 in Invocations
 10835 | D:9      | Reached skill level 10 in Bows
 10835 | D:9      | Reached skill level 15 in Invocations
 10887 | D:9      | Acquired 1001 gold pieces
 10891 | D:9      | Acquired a ring of willpower
 10897 | D:9      | Acquired the ring of Wuazxut {rF+ rN+ Will+ Int+4}
 10929 | D:10     | Entered Level 10 of the Dungeon
 10941 | D:10     | Noticed a boulder beetle
 10951 | D:10     | Noticed a cyclops
 11033 | D:10     | Received a gift from Okawaru
 11101 | D:10     | Reached XP level 11. HP: 81/81 MP: 22/22
 11137 | D:10     | Reached skill level 16 in Invocations
 11174 | D:10     | Found a staircase to the Orcish Mines.
 11207 | D:10     | Reached ***** piety under Okawaru
 11542 | D:10     | Noticed a seven-headed hydra
 11542 | D:10     | Noticed a two-headed ogre
 11557 | D:10     | HP: 4/81 [seven-headed hydra (9)]
 11562 | D:10     | Slain by a seven-headed hydra

Illustrated notes

Levels and vault maps discovered:
D:1:      wander_arrival_fairy_ring, layout_basic, chequers_serial_rivers_room_a
D:2:      layout_loops_ring, shapermc_ecumenical_altar_venn, uniq_natasha
D:3:      layout_loops_ring, mainiacjoe_overflow_chevrons,
          gammafunk_ghost_arena, hangedman_glass_teeth
D:4:      layout_basic, nicolae_hepliaklqana_monster_ancestors,
          due_unseen_surprise
D:5:      layout_basic, lemuel_doored_altar, overflow_temple_1_default,
          amethyst_overflow_temple_binary, minmay_manual_mess, uniq_ijyb,
          uniq_edmund, uniq_sigmund, uniq_menkaure
D:6:      layout_layer_cave, minmay_temple_entry_hall
D:7:      layout_basic, nicolae_wu_jian_immortal_techniques
D:8:      layout_rooms, lightli_temple_of_fire, minmay_lair_entry_grove,
          serial_shops, shop
D:9:      layout_cave_pools, grunt_decor_clamped
D:10:     minmay_diamond_stairs, layout_basic

Skill      XL: |  1  2  3  4  5  6  7  8  9 10 11 |
---------------+----------------------------------+-----
Dodging        | 2 3 4 |  4.0
Stealth        | 1 2 3 5 6 |  6.8
Bows           | 4 5 8 9 10 | 10.5
Invocations    | 6 11 15 16 | 16.3
Fighting       | 4 5 6 |  6.0
Long Blades    | 2 4 |  4.0
Armour         | 2 4 |  4.0

Action                   |  1- 3 |  4- 6 |  7- 9 | 10-12 || total
-------------------------+-------+-------+-------+-------++-------
Melee: Short sword       |   156 |    86 |       |       ||   242
       Punch             |     2 |     4 |     2 |     6 ||    14
       Whip              |       |   128 |   347 |   235 ||   710
       Tailslap          |       |       |    70 |    46 ||   116
 Fire: Shortbow          |     9 |     6 |   143 |    23 ||   181
       Longbow           |       |       |       |    91 ||    91
Throw: Dart              |       |       |     2 |       ||     2
Invok: Heroism           |       |       |       |     1 ||     1
       Finesse           |       |       |       |     1 ||     1
Evoke: Wand              |       |       |     2 |       ||     2
  Use: Scroll            |     3 |     9 |     3 |     7 ||    22
 Stab: Sleeping          |       |     7 |     3 |       ||    10
Armor: Leather armour    |    19 |       |       |       ||    19
       Ring mail         |    21 |    57 |    73 |       ||   151
       Plate armour      |       |       |   168 |   138 ||   306
Dodge: Dodged            |   113 |   116 |   193 |   107 ||   529
Block: Other             |       |    41 |   113 |    73 ||   227
       Reflection        |       |     1 |     2 |     6 ||     9
